 Dungeon Crawl Stone Soup version 0.29-a0-315-gaf6dd05e2f (webtiles) character file.

Game seed: 12285563251667345899

88 wakim the Insei (level 4, -10/29 HPs)
             Began as an Octopode Transmuter on Mar 29, 2022.
             Killed by divine providence
             ... invoked by an orc priest
              (17 damage)
             ... on level 3 of the Dungeon.
             The game lasted 00:06:18 (2349 turns).

wakim the Insei (Octopode Transmuter)               Turns: 2349, Time: 00:06:19

Health: -10/29     AC:  2    Str:  9    XL:     4   Next: 54%
Magic:  7/7        EV: 19    Int: 23    God:
Gold:   136        SH:  0    Dex: 17    Spells: 3/7 levels left

rFire   . . .      SeeInvis .     - Unarmed
rCold   . . .      Faith    .   (shield currently unavailable)
rNeg    . . .      Spirit   .   (helmet currently unavailable)
rPois   x          Reflect  .   X - amulet of magic regeneration
rElec   .          Harm     .   N - +6 ring of intelligence
rCorr   .          Rampage  .   (no ring)
Will    .....                   (no ring)
Stlth   ++........              (no ring)
HPRegen 0.09/turn               (no ring)
MPRegen 0.50/turn               (no ring)
                                (no ring)
                                (no ring)

@: spider-form (expiring)
A: venomous fangs, almost no armour, (amphibious), 8 rings, tiny, (camouflage
1), (gelatinous body 1), (nimble swimmer 1), (tentacles)
a: End Transformation


You were on level 3 of the Dungeon.
You were a venomous arachnid creature.
You visited 1 branch of the dungeon, and saw 3 of its levels.

You collected 136 gold pieces.

Inventory:

Missiles
 R - 4 poisoned darts
Jewellery
 N - a +6 ring of intelligence (left front leg)
 X - an amulet of magic regeneration (around neck)
Scrolls
 T - a scroll of teleportation
 W - 2 scrolls of holy word
Potions
 B - a potion of attraction {!q}
 F - a potion of curing
 L - 2 potions of lignification {!q}
 Q - a potion of flight {unknown}
 V - a potion of magic {unknown}
 Y - a potion of mutation {unknown}
 Z - 2 potions of cancellation {unknown}


   Skills:
 + Level 1.9 Fighting
 - Level 2.0 Dodging
 - Level 3.0 Stealth
 * Level 3.9 Unarmed Combat
 + Level 2.0 Spellcasting
 * Level 2.2 Transmutations
 + Level 0.7 Poison Magic


You had 3 spell levels left.
You knew the following spells:

 Your Spells              Type           Power      Damage    Failure   Level
a - Beastly Appendage     Tmut           24%        N/A       14%         1
x - Spider Form           Tmut/Pois      9%         N/A       41%         3

Your spell library contained the following spells:

 Spells                   Type           Power      Damage    Failure   Level
 Wereblood                Tmut           12%        N/A       21%         2
 Ignite Poison            Fire/Tmut/Pois 6%         N/A       47%         3
 Mephitic Cloud           Conj/Pois/Air  3%         N/A       56%         3
 Ice Form                 Ice/Tmut       7%         N/A       82%         4
 Freezing Cloud           Conj/Ice/Air   1%         6-21      99%         5


Dungeon Overview and Level Annotations

Branches:
Dungeon (3/15)

Altars:
Dithmenos

Annotations:
D:3 1 runed translucent door, Crazy Yiuf


Innate Abilities, Weirdness & Mutations

You are a venomous arachnid creature.
You have poisonous fangs.
You are tiny and dextrous.
Your spellcasting is less reliable in this form.
Your armour is entirely melded.
You are incapable of wielding weapons or throwing items.
You cannot wear most types of armour.
((You are amphibious.))
You can wear up to eight rings at the same time.
((Your skin changes colour to match your surroundings (Stealth+).))
((Your rubbery body absorbs attacks. (AC +1, EV +1)))
((You are camouflaged when in or above water. (Stealth+)))
((You have tentacles for arms and can constrict up to eight enemies at once.))


Message History

The orc is lightly wounded.
The orc barely misses you.
You hit the orc but do no damage.
The orc looks as sick as possible!
The orc is lightly wounded.
The orc hits you with a +0 flail. 15/29 (-5)
You hit the orc.
You kill the orc!
You barely miss the orc. The orc hits you with a +0 whip.
* * * LOW HITPOINT WARNING * * *
Robin says, "Kneel, worm!" 13/29 (-2)
You bite the orc!
You kill the orc! 14/29 (+1)
You hit Robin.
Robin is poisoned.
Robin is moderately wounded.
Robin misses you.
Your magical contamination has completely faded away.
You barely miss Robin.
Robin is moderately wounded.
Your transformation is almost over.
Robin hits you with a +3 dagger of venom.
* * * LOW HITPOINT WARNING * * *
8/29 (-6)
You hit Robin.
Robin is heavily wounded.
Robin completely misses you.
You hit Robin.
Robin looks as sick as possible!
Robin is almost dead.
Robin hits you with a +3 dagger of venom.
* * * LOW HITPOINT WARNING * * *
7/29 (-1)
You hit Robin.
You kill Robin!
Unknown command.
The orc priest mumbles some strange prayers to Beogh against you.
Beogh smites you!
Ouch! That really hurt!
You die...

#g# #.#..# #...# ### #.#
#.#..# #...# ##.# #.#..#
#...# .).# #.#..# #...#
#### #.#..# #...# #.#..#
#...######
#.#..####.........
#.#.....#..#######
#s##.#.##..#
#o##.#.....#
..####.##.#####.#
...........#.>...#######
...####)####.######.....
..........# #.####
o..#+###+##.####.####
#... #........... ###
#.#####.####


You could see an orc priest.

Vanquished Creatures
  Robin (D:3)
  3 adders
  3 orcs (D:3)
  6 endoplasms
  3 giant cockroaches (D:1)
  10 hobgoblins
  A quokka (D:2)
  3 ball pythons
  2 bats
  4 frilled lizards
  7 goblins
  A kobold (D:2)
  3 rats
47 creatures vanquished.

Notes
Turn   | Place    | Note
-------+----------+-------------------------------------------
     0 | D:1      | wakim the Octopode Transmuter began the quest for the Orb.
     0 | D:1      | Reached XP level 1. HP: 13/13 MP: 3/3
   200 | D:1      | Reached skill level 1 in Stealth
   475 | D:1      | Reached XP level 2. HP: 18/18 MP: 5/5
  1035 | D:2      | Reached XP level 3. HP: 18/23 MP: 4/6
  1598 | D:2      | Found a faded altar of an unknown god.
  1727 | D:3      | Learned a level 3 spell: Spider Form
  1834 | D:3      | Found a runed translucent door.
  1835 | D:3      | Noticed Crazy Yiuf
  1931 | D:3      | Reached XP level 4. HP: 24/29 MP: 7/7
  2074 | D:3      | Found a shadowy altar of Dithmenos.
  2097 | D:3      | Noticed Robin
  2348 | D:3      | Killed Robin
  2349 | D:3      | Killed from afar by an orc priest

Illustrated notes

Levels and vault maps discovered:
D:1:      dpeg_arrival_lava_altar, layout_basic
D:2:      layout_rooms, dilly_ecumenical_altar_fadedgnrine
D:3:      layout_basic, mainiacjoe_overflow_six_doors_small,
          nicolae_dithmenos_through_a_glass_darkly, uniq_crazy_yiuf_cottage,
          uniq_robin, uniq_ijyb

Skill      XL: |  1  2  3 |
---------------+----------+-----
Stealth        | 1 2 3 |  3.0
Fighting       | |  1.9
Dodging        | |  2.0
Unarmed Combat | |  3.9
Spellcasting   | |  2.0
Transmutations | |  2.2
Poison Magic   | |  0.7

Action                   |  1- 3 |  4- 6 || total
-------------------------+-------+-------++-------
Melee: Unarmed           |    71 |    26 ||    97
       Constrict         |    22 |     6 ||    28
       Tentacles         |    14 |     5 ||    19
       Kick              |    18 |     5 ||    23
       Punch             |     2 |       ||     2
 Cast: Beastly Appendage |    14 |     3 ||    17
       Spider Form       |       |     1 ||     1
  Use: Scroll            |     5 |       ||     5
 Stab: Sleeping          |    10 |       ||    10
Armor: Skin              |     3 |       ||     3
Dodge: Dodged            |    35 |    10 ||    45

Table legend: (Time is in decaauts)
 A = Elapsed time spent in this place.
 B = Non-inter-level travel time spent in this place.
 C = Inter-level travel time spent in this place.
 D = Time resting spent in this place.
 E = Time spent auto-exploring this place.
 F = Levels seen in this place.
 G = Mean time per level.
                   A        B        C        D        E       F      G
               +--------+--------+--------+--------+--------+-----+--------+
         Total |   2341 |   2271 |     70 |    110 |   1718 |   3 |  780.3 |
       Dungeon |   2341 |   2271 |     70 |    110 |   1718 |   3 |  780.3 |
               +--------+--------+--------+--------+--------+-----+--------+

Top non-repeatable levels by time:
     D:1: 943 daAuts
     D:3: 707 daAuts
     D:2: 690 daAuts
